 Dungeon Crawl Stone Soup version 0.30-a0-331-g8ab09dc110 (console) character file.

Game seed: 7765938156027557322

12748 capslocke the Carver (level 12, -2/72 HPs)
             Began as a Kobold Artificer on Oct 30, 2022.
             Was an Initiate of Gozag.
             Slain by a boulder beetle (30 damage)
             ... on level 11 of the Dungeon.
             The game lasted 00:45:59 (12186 turns).

capslocke the Carver (Kobold Artificer)            Turns: 12186, Time: 00:46:00

Health: -2/72      AC: 19    Str:  9    XL:     12   Next: 24%
Magic:  0/21       EV: 20    Int: 15    God:    Gozag
Gold:   769        SH:  8    Dex: 28    Spells: 11/11 levels left

rFire   . . .      SeeInvis +    a - +5 falchion {drain, Will++ Int+3}
rCold   . . .      Faith    .    U - +0 buckler
rNeg    + . .      Spirit   +    G - +1 ring mail of Raoczisag {MP+9}
rPois   .          Reflect  .    w - +2 helmet
rElec   .          Harm     .    C - +2 cloak
rCorr   +          Rampage  .    A - +1 pair of gloves
Will    ++...                    Q - +2 pair of boots
Stlth   +++.......               x - amulet of guardian spirit
HPRegen 0.32/turn                I - ring of Vuthe {*Corrode rN+ Dex+7 Slay+2 SInv}
MPRegen 0.17/turn                D - ring of resist corrosion

@: gold aura
A: small, no large weapons, nightstalker 3
a: Renounce Religion, Potion Petition, Call Merchant, Bribe Branch


You were on level 11 of the Dungeon.
You worshipped Gozag.
Gozag was pleased with you.
You visited 1 branch of the dungeon, and saw 11 of its levels.

You collected 2325 gold pieces.
You spent 788 gold pieces at shops.
You paid 768 gold pieces to Gozag.

Inventory:

Hand Weapons
 a - the +5 falchion "Fuoskek" (weapon) {drain, Will++ Int+3}
   (You took it off a gnoll on level 5 of the Dungeon)

   A truly terrible weapon, it drains the life of any living foe it strikes.
   Int:       It affects your intelligence (+3).
   Will:      It greatly increases your willpower.
 i - a +0 dagger
 z - a +0 dagger of flaming
 T - a +1 short sword of flaming
Missiles
 d - 4 throwing nets
 r - 10 poisoned darts
 t - 4 datura-tipped darts (quivered)
 E - 2 silver javelins
Armour
 b - a +0 leather armour
 w - a +2 helmet (worn)
 A - a +1 pair of gloves (worn)
 C - a +2 cloak (worn)
 G - the +1 ring mail of Raoczisag (worn) {MP+9}
   (You found it on level 6 of the Dungeon)

   MP:        It affects your magic capacity (+9).
 K - an orb of light
 Q - a +2 pair of boots (worn)
 U - a +0 buckler (worn)
Jewellery
 c - a ring of see invisible
 p - an amulet of the acrobat
 s - a ring of wizardry
 x - an amulet of guardian spirit (around neck)
 y - an amulet of magic regeneration
 D - a ring of resist corrosion (right hand)
 H - a ring of protection from fire
 I - the ring of Vuthe (left hand) {*Corrode rN+ Dex+7 Slay+2 SInv}
   (You bought it in a shop on level 1 of the Dungeon)

   [ring of see invisible]

   Dex:       It affects your dexterity (+7).
   Slay:      It affects your accuracy & damage with ranged weapons and melee
   (+2).
   rN:        It protects you from negative energy.
   SInv:      It lets you see invisible.
   *Corrode:  It may corrode you when you take damage.
 M - a ring of positive energy
 X - a ring of wizardry
Wands
 h - a wand of flame (5)
Scrolls
 e - a scroll of poison {unknown}
 f - a scroll of silence {unknown}
 k - a scroll of magic mapping {unknown}
 n - 3 scrolls of teleportation
 q - 2 scrolls of vulnerability {unknown}
 u - 2 scrolls of fog
 v - 2 scrolls of brand weapon {unknown}
 L - a scroll of enchant weapon {unknown}
 P - a scroll of blinking {unknown}
 V - a scroll of fear {unknown}
Potions
 g - 2 potions of mutation
 j - 2 potions of attraction
 l - 7 potions of curing
 m - 6 potions of degeneration
 o - 6 potions of lignification
 B - 3 potions of flight
 F - a potion of might
 J - a potion of magic {unknown}
 N - a potion of haste
 O - a potion of invisibility
 R - a potion of heal wounds
 W - 2 potions of berserk rage {unknown}
 Y - a potion of brilliance {unknown}


   Skills:
 + Level 7.5 Fighting
 + Level 6.0(11.1) Short Blades
 + Level 9.5(9.9) Long Blades
 + Level 1.6 Throwing
 - Level 5.2 Armour
 + Level 9.2 Dodging
 - Level 1.3 Stealth
 + Level 3.9 Shields
 + Level 8.1 Evocations


You had 11 spell levels left.
You didn't know any spells.
Your spell library contained the following spells:

 Spells                   Type           Power      Damage    Failure   Level
 Magic Dart               Conj           0%         1d3       69%         1
 Call Imp                 Summ           0%         N/A       83%         2
 Sublimation of Blood     Necr           0%         N/A       83%         2
 Mephitic Cloud           Conj/Pois/Air  0%         N/A       96%         3
 Petrify                  Tmut/Erth      0%         N/A       100%        4
 Irradiate                Conj/Tmut      0%         3d11      100%        5


Dungeon Overview and Level Annotations

Branches:
Dungeon (11/15)            Temple (0/1) D:7            Lair (0/5) D:9
    Orc (0/2) D:10

Altars:
Cheibriados
Elyvilon
Fedhas
Gozag
Makhleb
Nemelex Xobeh
Okawaru
Qazlal
Trog
Uskayaw
Vehumet
Zin
The Shining One

Shops:
D:1 (:=[=   D:8 [   D:11 (

Annotations:
D:10 2 runed translucent doors
D:11 exclusion: oklob plant


Innate Abilities, Weirdness & Mutations

You are small and have problems with some larger weapons.
You are completely attuned to the shadows.


Message History

The killer bee buzzes angrily.
You slash the killer bee!
You kill the killer bee!
You miss the killer bee. You block the killer bee's attack.
The unseen horror misses you. The killer bee closely misses you.
The boulder beetle bites you.
The boulder beetle attacks as you move away!
The boulder beetle bites you!! You block the unseen horror's attack.
The killer bee is distracted by your dazzling golden aura.
The killer bee buzzes angrily.
You hit the boulder beetle but do no damage.
The boulder beetle is lightly wounded.
You hear an angry buzzing noise.
You block the unseen horror's attack. You block the boulder beetle's attack.
You hit the boulder beetle.
The boulder beetle is lightly wounded.
You block the unseen horror's attack. The boulder beetle bites you.
The unseen horror hits you but does no damage.
The boulder beetle curls into a ball and begins rolling!
A boulder beetle comes into view.
You block the killer bee's attack.
You slash the killer bee! You drain the killer bee.
You kill the killer bee!
You hit the boulder beetle but do no damage.
The killer bee is distracted by your dazzling golden aura.
The unseen horror is distracted by your dazzling golden aura.
The boulder beetle stops rolling and uncurls.
The boulder beetle bites you!
The unseen horror attacks as you move away!
The unseen horror misses you.
The boulder beetle curls into a ball and begins rolling!
The unseen horror is no longer distracted by gold.
The unseen horror closely misses you. You block the unseen horror's attack.
The unseen horror attacks as you move away!
You block the unseen horror's attack. The unseen horror closely misses you.
You block the unseen horror's attack.
The unseen horror hits you but does no damage.
The boulder beetle hits you!!!
You die...
Your body crumbles into a pile of gold.

.... .# #..#### . ... #.#
.. #..#... ##.##.#.##...
#..#.#. ..#..#B#.#..
#..#+#. ##.##○#B#.##
#...... ....°#.#$#.##
#.#.... ..#.°B###.#.#
#.#.... #.#.○x#.#y.###.
#.#.... ..#...B@#.#y....
..#.... #........#$.....
#.... #.# #.#
#...#..#.#..#.. #....
.y#.. ..#....###.# . .....
#. ... By ...#...#.#...#
#.###.###.###.#.....#.####
...#...#...#...#....#.#
#...#...#...#.......#.
###.###.###.###..##B#.##


You could see 2 boulder beetles and an unseen horror (invisible).

Vanquished Creatures
  4 two-headed ogres
  4 cyclopes
  A gargoyle (D:11)
  Maggie (D:8)
  3 unseen horrors
  A kobold demonologist (D:11)
  A hornet (D:11)
  2 trolls
  Sigmund (D:2)
  A wyvern (D:8)
  A wraith (D:11)
  6 yaks
  2 vampire mosquitoes (D:11)
  2 water moccasins
  4 black bears
  7 orc warriors
  An ice beast (D:5)
  2 ogres
  5 centaurs
  A phantom (D:7)
  4 bullfrogs
  2 kobold brigands
  A gnoll sergeant (D:10)
  2 scorpions
  4 wights (D:9)
  Dowan (D:5)
  18 killer bees
  A howler monkey (D:6)
  A hound (D:4)
  2 jellies
  7 orc priests
  4 gnoll boudas
  Crazy Yiuf (D:4)
  3 iguanas
  Natasha (thrice) (D:4)
  7 orc wizards
  Robin (D:4)
  22 gnolls
  8 adders
  A shadow imp (D:8)
  A white imp (D:7)
  3 ufetubi
  2 worms
  A dart slug (D:4)
  44 orcs
  8 ball pythons
  5 endoplasms
  A giant cockroach (D:1)
  20 goblins
  11 hobgoblins
  11 jackals
  4 quokkas
  6 bats
  4 frilled lizards
  10 kobolds
  3 rats
277 creatures vanquished.

Vanquished Creatures (collateral kills)
  A troll (D:6)
  Duvessa (D:5)
  A white imp (D:6)
  5 orcs
8 creatures vanquished.

Vanquished Creatures (others)
  A water elemental (D:10)
  4 yaks
  3 gnolls
  An orc (D:4)
  A fungus (D:9)
  4 plants (D:9)
14 creatures vanquished.

Grand Total: 299 creatures vanquished

Notes
Turn   | Place    | Note
-------+----------+-------------------------------------------
     0 | D:1      | capslocke the Kobold Artificer began the quest for the Orb.
     0 | D:1      | Reached XP level 1. HP: 12/12 MP: 1/1
    43 | D:1      | Reached skill level 1 in Armour
    47 | D:1      | Found Paovah's Jewellery Boutique.
   132 | D:1      | Found Joc Riod's Antique Armour Shop.
   222 | D:1      | Reached XP level 2. HP: 11/16 MP: 2/2
   307 | D:1      | Found Boadoigh's Weapon Shop.
   649 | D:1      | Found Guojoir's Book Boutique.
   655 | D:1      | Found Hythro's Jewellery Shop.
   690 | D:1      | Reached XP level 3. HP: 15/20 MP: 3/3
  1447 | D:2      | Reached skill level 1 in Short Blades
  1520 | D:2      | Reached XP level 4. HP: 25/25 MP: 4/4
  1582 | D:2      | Noticed Sigmund
  1583 | D:2      | Killed Sigmund
  1584 | D:2      | Reached XP level 5. HP: 30/30 MP: 5/5
  1584 | D:2      | Reached XP level 6. HP: 35/35 MP: 6/6
  1860 | D:3      | Found an opulent altar of Gozag.
  1866 | D:3      | Became a worshipper of Gozag Ym Sagoz the Greedy
  1916 | D:3      | Found a faded altar of an unknown god.
  2178 | D:3      | Found a blossoming altar of Fedhas.
  2382 | D:3      | Found a white marble altar of Elyvilon.
  2730 | D:4      | Noticed an ogre
  2745 | D:4      | Killed an ogre
  3091 | D:4      | Reached XP level 7. HP: 40/40 MP: 7/7
  3401 | D:4      | Noticed Natasha
  3403 | D:4      | Killed Natasha
  3404 | D:4      | Reached skill level 5 in Evocations
  3449 | D:4      | Found a runed translucent door.
  3452 | D:4      | Noticed Crazy Yiuf
  3457 | D:4      | Killed Crazy Yiuf
  3484 | D:4      | Noticed Natasha
  3497 | D:4      | Killed Natasha
  3508 | D:4      | Noticed Robin
  3511 | D:4      | Killed Robin
  3518 | D:4      | Noticed Natasha
  3532 | D:4      | Killed Natasha
  4006 | D:1      | Bought a ring of resist corrosion for 220 gold pieces
  4110 | D:5      | Entered Level 5 of the Dungeon
  4147 | D:5      | Found a glowing silver altar of Zin.
  4160 | D:5      | Noticed Duvessa
  4170 | D:5      | Noticed Dowan
  4176 | D:5      | Killed Dowan
  4178 | D:5      | Identified the +5 falchion "Fuoskek" {drain, Will++ Int+3}
  4187 | D:5      | Killed Duvessa
  4188 | D:5      | Reached skill level 5 in Short Blades
  4188 | D:5      | Reached XP level 8. HP: 22/46 MP: 4/8
  4212 | D:5      | Reached skill level 1 in Throwing
  4212 | D:5      | Reached skill level 5 in Dodging
  5143 | D:6      | Identified the +1 ring mail of Raoczisag {MP+9}
  5317 | D:6      | Found a radiant altar of Vehumet.
  5850 | D:6      | Reached skill level 1 in Long Blades
  5996 | D:6      | Noticed a yak
  5999 | D:6      | Noticed a yak
  6001 | D:6      | Noticed a yak
  6003 | D:6      | Noticed a yak
  6007 | D:6      | Reached XP level 9. HP: 37/52 MP: 9/9
  6166 | D:1      | Bought the ring of Vuthe {*Corrode rN+ Dex+7 Slay+2 SInv}
                  | for 568 gold pieces
  6571 | D:6      | Noticed a troll
  6572 | D:6      | Noticed a two-headed ogre
  6576 | D:6      | Killed a troll
  6604 | D:6      | Killed a two-headed ogre
  6666 | D:6      | Noticed an unseen horror
  6675 | D:6      | Killed an unseen horror
  6676 | D:6      | Reached skill level 5 in Armour
  6676 | D:6      | Reached XP level 10. HP: 55/58 MP: 10/10
  6829 | D:7      | Reached skill level 5 in Long Blades
  6903 | D:7      | Reached skill level 5 in Fighting
  6942 | D:7      | Found a staircase to the Ecumenical Temple.
  7063 | D:7      | Found a flagged portal.
  7974 | D:8      | Noticed Maggie
  7980 | D:8      | Killed Maggie
  8210 | D:8      | Found Woypp's Antique Armour Emporium.
  9198 | D:9      | Found a bloodstained altar of Trog.
  9236 | D:9      | Found a hide-covered altar of Uskayaw.
  9885 | D:9      | Found a staircase to the Lair.
  9951 | D:9      | Reached XP level 11. HP: 64/64 MP: 11/11
  9964 | D:9      | Reached skill level 1 in Shields
 10183 | D:10     | Entered Level 10 of the Dungeon
 10475 | D:10     | Found a large runed translucent door.
 10476 | D:10     | Found a large runed translucent door.
 10507 | D:10     | Noticed a cyclops
 10520 | D:10     | Killed a cyclops
 10751 | D:10     | Found a staircase to the Orcish Mines.
 11072 | D:10     | Noticed a two-headed ogre
 11082 | D:10     | Killed a two-headed ogre
 11193 | D:10     | Noticed a two-headed ogre
 11199 | D:10     | Killed a two-headed ogre
 11268 | D:10     | Found a glowing golden altar of the Shining One.
 11268 | D:10     | Found a snail-covered altar of Cheibriados.
 11272 | D:10     | Found a stormy altar of Qazlal.
 11278 | D:10     | Found a burning altar of Makhleb.
 11279 | D:10     | Found an iron altar of Okawaru.
 11282 | D:10     | Found a sparkling altar of Nemelex Xobeh.
 11634 | D:11     | Noticed a cyclops
 11639 | D:11     | Killed a cyclops
 11793 | D:11     | Noticed a cyclops
 11799 | D:11     | Killed a cyclops
 11802 | D:11     | Noticed a two-headed ogre
 11812 | D:11     | Killed a two-headed ogre
 12029 | D:11     | Reached XP level 12. HP: 71/72 MP: 12/12
 12071 | D:11     | Noticed a boulder beetle
 12134 | D:11     | Noticed a boulder beetle
 12178 | D:11     | Noticed a boulder beetle
 12186 | D:11     | Slain by a boulder beetle

Illustrated notes

Levels and vault maps discovered:
D:1:      spicycebolla_arrival_xxxplode, layout_basic, serial_shops,
          nicolae_shop_crystal, shop, shop, shop, shop_coins
D:2:      layout_basic, hangedman_decor_points, uniq_sigmund
D:3:      layout_loops_ring, mainiacjoe_overflow_paths,
          mainiacjoe_overflow_catwalk_spiral, shapermc_ecumenical_altar_venn,
          nrook_loot_triangle, supply_closet_lemuel
D:4:      layout_cave_pods, uniq_natasha, uniq_crazy_yiuf_cottage, uniq_robin
D:5:      layout_basic, mainiacjoe_overflow_boulevard, serial_corexii_hall,
          chequers_hall_statues_y, chequers_hall_statues_wall_a, uniq_duvessa
D:6:      layout_basic, nicolae_overflow_hidden_temple, minmay_three_doors
D:7:      layout_loops_ring, minmay_temple_entry_drinking_statues,
          enter_bailey_5, chequers_ossuary_entry_cave,
          kennysheep_generic_room_14
D:8:      layout_cave_pods, serial_shops, nicolae_square_shop,
          minmay_lindwurm_lava, uniq_maggie
D:9:      layout_gridville, trog_hazing_becter, nicolae_uskayaw_dance_hall,
          grunt_lair_entry_orc_guard_hut
D:10:     layout_basic, minmay_overflow_temple_hex, david_orc_5,
          chequers_serial_rivers_small_b, lightli_elemental_guards
D:11:     hangedman_what_comes_after_a, layout_basic

Skill      XL: |  1  2  3  4  5  6  7  8  9 10 11 |
---------------+----------------------------------+-----
Armour         | 1 2 3 4 5 |  5.2
Evocations     | 4 5 6 7 8 |  8.1
Short Blades   | 1 3 5 6 |  6.0
Fighting       | 2 3 4 6 7 |  7.5
Dodging        | 3 4 6 7 9 |  9.2
Throwing       | 1 |  1.6
Long Blades    | 1 4 7 9 |  9.5
Shields        | 3 |  3.9
Stealth        | |  1.3

Action                   |  1- 3 |  4- 6 |  7- 9 | 10-12 || total
-------------------------+-------+-------+-------+-------++-------
Melee: Club              |    30 |       |       |       ||    30
       Dagger            |    89 |   107 |   153 |       ||   349
       Punch             |     3 |       |     4 |     1 ||     8
       Falchion          |       |       |    97 |   465 ||   562
Throw: Dart              |       |     4 |     6 |       ||    10
Invok: Call Merchant     |       |       |       |     1 ||     1
Evoke: Wand              |     1 |    13 |    31 |    23 ||    68
  Use: Potion            |       |     2 |     2 |       ||     4
       Scroll            |       |       |     6 |     7 ||    13
 Stab: Sleeping          |    14 |     3 |    14 |     5 ||    36
       Distracted        |       |       |     2 |     3 ||     5
Armor: Leather armour    |    30 |    32 |    46 |       ||   108
       Ring mail         |       |       |    32 |   157 ||   189
Dodge: Dodged            |    76 |    99 |   207 |   458 ||   840
Block: Buckler           |       |       |       |   128 ||   128

Table legend: (Time is in decaauts)
 A = Elapsed time spent in this place.
 B = Non-inter-level travel time spent in this place.
 C = Inter-level travel time spent in this place.
 D = Time resting spent in this place.
 E = Time spent auto-exploring this place.
 F = Levels seen in this place.
 G = Mean time per level.
                   A        B        C        D        E       F      G
               +--------+--------+--------+--------+--------+-----+--------+
         Total |  12099 |  11214 |    885 |   1085 |   7872 |  11 | 1099.9 |
       Dungeon |  12099 |  11214 |    885 |   1085 |   7872 |  11 | 1099.9 |
               +--------+--------+--------+--------+--------+-----+--------+

Top non-repeatable levels by time:
     D:6: 1643 daAuts
    D:10: 1410 daAuts
     D:9: 1298 daAuts
     D:4: 1122 daAuts
     D:1: 1078 daAuts
     D:7: 1056 daAuts
     D:2: 1016 daAuts
     D:8: 1006 daAuts
     D:3: 988 daAuts
     D:5: 900 daAuts
    D:11: 576 daAuts
